AoeStats
← Cohcau

Four Lakes

503685546Analyzed
2v2 RM · 29d ago on Sep 1, 2026· 24m 52s· 4 players
Game mode
Random Map
Map size
Medium (4 player)
Population
200
Speed
Normal
Resources
Standard
Victory
Conquest
Starting age
Dark Age
Ending age
Imperial Age
RankedLock teamsTeams togetherTeam positionsShared explorationLock speedFull tech treeHidden civsTurbo modeCheats
Victory
Defeat
🇺🇸 Mongols · United States
893
+15
🇺🇸 Saracens · United States
881
+16
🇫🇷 Burgundians · France
923
-18
🇫🇷 Ethiopians · France
819
-13
Cohcau
10:51 Feudal Age
11:40 Loom
18:01 Forging
17:52 Scale Mail Armor
17:43 Arson
19:55 Horse Collar
20:06 Double-Bit Axe
24:12 Castle Age
22:13 Gold Mining
23:52 Heavy Plow
24:05 Bow Saw
Nikoleador
11:11 Feudal Age
11:18 Loom
11:44 Double-Bit Axe
14:53 Town Watch
21:40 Castle Age
22:31 Crossbowman
24:49 Wheelbarrow
XanderMan
8:26 Feudal Age
10:34 Horse Collar
10:41 Double-Bit Axe
13:41 Bloodlines
15:31 Gold Mining
17:31 Fishing Lines
22:29 Castle Age
22:33 Fletching
22:43 Padded Archer Armor
24:11 Bodkin Arrow
24:32 Leather Archer Armor
chance
5:05 Loom
11:37 Feudal Age
12:07 Double-Bit Axe
12:46 Fishing Lines
17:13 Castle Age
15:49 Forging
16:24 Stone Mining
17:06 Scale Barding Armor
18:32 Gold Mining
19:59 Iron Casting
20:14 Wheelbarrow
21:31 Chain Barding Armor
22:36 Gold Shaft Mining
Connection lost

Rejoining the realm…

Still unreachable

The connection could not be restored.

Session expired

The server has moved on; the page needs a fresh start.